 Dungeon Crawl Stone Soup version 0.25.1-3-ge44b62a0b3 (webtiles) character file.

Game seed: 13536718350435419099

12048 BledDest the Thrower (level 11, -8/102 HPs)
             Began as a White Draconian Artificer on Nov 21, 2020.
             Was a High Priest of Okawaru.
             Mangled by a yak (18 damage)
             ... on level 12 of the Dungeon.
             The game lasted 00:26:44 (15564 turns).

BledDest the Thrower (White Draconian Artificer)   Turns: 15564, Time: 00:26:45

Health: -8/102     AC: 17    Str: 19    XL:     11   Next: 57%
Magic:  22/22      EV: 15    Int: 13    God:    Okawaru [*****.]
Gold:   619        SH:  5    Dex: 11    Spells: 10/10 levels left

rFire    . . .     SeeInvis .   w - +3 quarterstaff (chaos)
rCold    + . .     Gourm    .   (shield currently unavailable)
rNeg     . . .     Faith    .   (armour unavailable)
rPois    .         Spirit   .   X - +4 hat "Zutaddoq" {Int+2}
rElec    .         Reflect  +   x - +0 cloak
rCorr    .         Harm     .   (no gloves)
MR       .....                  H - +0 pair of boots (curse)
Stlth    +.........             N - amulet of reflection
HPRegen  0.27/turn              z - +4 ring of protection
MPRegen  0.18/turn              q - ring of magical power

@: no status effects
A: breathe frost, unfitting armour, cold resistance 1, cold-blooded, AC +7
a: Breathe Frost, Heroism, Finesse, Renounce Religion


You were on level 12 of the Dungeon.
You worshipped Okawaru.
Okawaru was extremely pleased with you.
You were hungry.

You visited 2 branches of the dungeon, and saw 14 of its levels.

You collected 619 gold pieces.

Inventory:

Hand Weapons
 a - a +0 short sword
 w - a +3 quarterstaff of chaos (weapon)
Missiles
 h - 8 curare-tipped darts (quivered)
 J - 30 poisoned darts
 O - a throwing net
 R - 22 atropa-tipped darts
 U - 5 silver javelins
Armour
 x - a +0 cloak (worn)
 H - a cursed +0 pair of boots (worn)
 S - a +0 hat
 X - the +4 hat "Zutaddoq" (worn) {Int+2}
   (Okawaru gifted it to you on level 13 of the Dungeon)

   It affects your intelligence (+2).
Jewellery
 o - a cursed ring of attention {unknown}
 q - a ring of magical power (right hand)
 y - an uncursed ring of wizardry
 z - a +4 ring of protection (left hand)
 B - an uncursed amulet of the acrobat
 G - an uncursed ring of ice
 N - an amulet of reflection (around neck)
 Q - a +4 ring of evasion {unknown}
Wands
 b - a wand of flame (22)
 c - a wand of enslavement (15)
 d - a wand of random effects (15)
 r - a wand of acid (10)
 F - a wand of paralysis (26)
 M - a wand of polymorph (17)
Scrolls
 j - 2 scrolls of fear
 m - 11 scrolls of remove curse
 n - 3 scrolls of immolation {unknown}
 p - 3 scrolls of magic mapping {unknown}
 s - a scroll of vulnerability {unknown}
 u - 17 scrolls of identify
 v - 4 scrolls of blinking {unknown}
 A - 4 scrolls of amnesia
 D - a scroll of noise {unknown}
 E - a scroll of holy word {unknown}
 I - 2 scrolls of enchant armour {unknown}
 P - a scroll of enchant weapon {unknown}
 W - a scroll of acquirement {unknown}
Potions
 e - 4 potions of curing
 g - 4 potions of degeneration {unknown}
 i - 2 potions of magic {unknown}
 k - a potion of stabbing {unknown}
 l - a potion of invisibility {unknown}
 C - 2 potions of berserk rage {unknown}
 K - 4 potions of brilliance {unknown}
 L - 3 potions of resistance
 T - a potion of cancellation {unknown}
 V - a potion of lignification {unknown}
Comestibles
 f - 19 rations


   Skills:
 + Level 11.4 Fighting
 - Level 1.0 Short Blades
 + Level 12.0 Throwing
 + Level 7.3 Dodging
 - Level 0.8 Stealth
 - Level 3.0 Evocations


You had 10 spell levels left.
You didn't know any spells.
Your spell library contained the following spells:

 Spells                   Type           Power        Failure   Level  Hunger
 Magic Dart               Conj           #...         30%         1    ##.....
 Blink                    Tloc           N/A          43%         2    ###....
 Call Imp                 Summ           #.......     43%         2    ###....
 Searing Ray              Conj           #.....       43%         2    ###....
 Slow                     Hex            #.......     43%         2    ###....
 Conjure Flame            Conj/Fire      #.......     67%         3    ####...
 Dazzling Flash           Conj/Hex       #.....       67%         3    ####...
 Mephitic Cloud           Conj/Pois/Air  #.......     67%         3    ####...
 Fulminant Prism          Conj/Hex       #.........   97%         4    #####..
 Iskenderun's Mystic Bla  Conj/Tloc      #.......     97%         4    #####..


Dungeon Overview and Level Annotations

Branches:
Dungeon (13/15)            Temple (1/1) D:4            Lair (0/6) D:8
    Orc (0/2) D:9
 Vaults: D:13-14

Altars:
Ashenzari
Cheibriados
Dithmenos
Elyvilon
Fedhas
Gozag
Hepliaklqana
Kikubaaqudgha
Makhleb
Nemelex Xobeh
Okawaru
Qazlal
Ru
Sif Muna
Trog
Uskayaw
Vehumet
Wu Jian
Xom
Yredelemnul
Zin
The Shining One
Beogh


Innate Abilities, Weirdness & Mutations

You can breathe waves of freezing cold.
You can buffet flying creatures when you breathe cold.
Your icy white scales are hard. (AC +7)
You cannot fit into any form of body armour.
Your flesh is cold resistant. (rC+)
You are cold-blooded and may be slowed by cold attacks.


Message History

You kill the yak!
Okawaru accepts your kill.
Your Throwing skill increases to level 12!
Something gores you!
* * * LOW HITPOINT WARNING * * *
The yak gores you.
* * * LOW HITPOINT WARNING * * *
The yak misses you. Something gores you.
* * * LOW HITPOINT WARNING * * *
The yak barely misses you.
You hit something.
Your tail-slap misses something.
The yak gores you!
* * * LOW HITPOINT WARNING * * *
The yak gores you!
* * * LOW HITPOINT WARNING * * *
Something gores you!
* * * LOW HITPOINT WARNING * * *
The yak gores you but does no damage.
You hit something. You burn something. The yak misses you. x2
Something gores you!!
You die...

.# ..... .####
#...... ....#
#...... ...### ...
...... ##....#
#...
#....###.oo..#
...###.....#.YYYY#
...##.......##@{#
..##.....Y######
##........##
##..#.....#.#
#...........##
##......o...Y.#
.o..#.........#
...###.^....Yo#
............)Y##


You could see 4 yaks and 2 orc wizards.

Vanquished Creatures
  Harold (D:8)
  A vault guard (D:13)
  A two-headed ogre (D:13)
  Pikel (D:5)
  A wolf spider zombie (D:13)
  2 komodo dragons (D:8)
  A queen bee (D:8)
  A troll (D:13)
  A hornet (D:10)
  A wyvern (D:13)
  A basilisk (shapeshifter) (D:9)
  7 yaks
  4 humans (D:13)
  Grum (D:9)
  2 hungry ghosts
  A steam dragon (D:9)
  A warg (D:9)
  A soldier ant (D:8)
  Duvessa (D:4)
  7 orc warriors
  2 ice beasts
  A sky beast (D:8)
  A phantom (D:7)
  5 ogres
  A black bear (D:6)
  A wolf (D:9)
  3 necrophages
  3 centaurs
  A big kobold (D:8)
  4 gnoll sergeants
  5 bullfrogs
  Dowan (D:4)
  A scorpion (D:10)
  4 howler monkeys (D:7)
  9 wights
  3 crimson imps
  A centaur zombie (D:6)
  A quasit (D:5)
  A bullfrog zombie (D:7)
  7 hounds
  8 orc priests
  4 jellies
  Crazy Yiuf (D:4)
  3 gnoll shamans
  3 orc wizards
  A bullfrog skeleton (D:7)
  Jessica (D:3)
  3 iguanas
  8 worker ants
  Ijyb (D:3)
  A hound skeleton (D:7)
  2 worker ant zombies
  11 adders
  31 gnolls
  An ooze (D:7)
  An adder skeleton (D:7)
  5 worms
  2 dart slugs (D:4)
  4 leopard geckos
  31 orcs
  9 bats
  5 giant cockroaches
  3 goblins
  5 hobgoblins
  20 jackals
  2 quokkas
  5 ball pythons
  8 frilled lizards
  11 kobolds
  A quokka skeleton (D:4)
  6 rats
289 creatures vanquished.

Vanquished Creatures (others)
  2 humans (D:13)
  A sky beast (D:7)
  3 plants (D:8)
6 creatures vanquished.

Grand Total: 295 creatures vanquished

Notes
Turn   | Place    | Note
-------+----------+-------------------------------------------
     0 | D:1      | BledDest the Draconian Artificer began the quest for the
                  | Orb.
     0 | D:1      | Reached XP level 1. HP: 16/16 MP: 3/3
   176 | D:1      | Found a sparkling altar of Nemelex Xobeh.
   358 | D:1      | Reached XP level 2. HP: 21/25 MP: 4/4
   565 | D:1      | Reached XP level 3. HP: 14/31 MP: 5/5
  1670 | D:2      | Reached XP level 4. HP: 23/41 MP: 6/6
  2532 | D:2      | Found a shimmering blue altar of Sif Muna.
  2812 | D:3      | Noticed Ijyb
  2821 | D:3      | Killed Ijyb
  2821 | D:3      | Reached skill level 5 in Fighting
  3112 | D:3      | Noticed Jessica
  3141 | D:3      | Killed Jessica
  3141 | D:3      | Reached XP level 5. HP: 15/48 MP: 7/7
  3766 | D:3      | Found a shadowy altar of Dithmenos.
  3766 | D:3      | Found a snail-covered altar of Cheibriados.
  4077 | D:4      | Found a runed translucent door.
  4078 | D:4      | Noticed Crazy Yiuf
  4094 | D:4      | Killed Crazy Yiuf
  4138 | D:4      | Found a sacrificial altar of Ru.
  4204 | D:4      | Noticed an ogre
  4219 | D:4      | Killed an ogre
  4219 | D:4      | Reached XP level 6. HP: 43/60 MP: 8/8
  4842 | D:4      | Reached skill level 1 in Throwing
  4842 | D:4      | Your scales start taking on an icy white colour.
  4842 | D:4      | Reached XP level 7. HP: 68/68 MP: 9/9
  4842 | D:4      | Gained mutation: Your flesh is cold resistant. (rC+) [White
                  | Draconian growth]
  4871 | D:4      | Noticed Duvessa
  4873 | D:4      | Reached skill level 2 in Throwing
  4876 | D:4      | Noticed Dowan
  4885 | D:4      | Killed Duvessa
  4885 | D:4      | Reached skill level 3 in Throwing
  4893 | D:4      | Killed Dowan
  4954 | D:4      | Found a staircase to the Ecumenical Temple.
  5100 | Temple   | Entered the Ecumenical Temple
  5232 | Temple   | Became a worshipper of Warmaster Okawaru
  5269 | D:4      | Reached skill level 4 in Throwing
  5316 | D:4      | Found a bloodstained altar of Trog.
  5739 | D:5      | Entered Level 5 of the Dungeon
  5798 | D:5      | Reached skill level 5 in Throwing
  5798 | D:5      | Reached XP level 8. HP: 31/74 MP: 10/10
  6214 | D:5      | Noticed Pikel
  6233 | D:5      | Killed Pikel
  6233 | D:5      | Reached * piety under Okawaru
  6233 | D:5      | Reached skill level 7 in Throwing
  6806 | D:6      | Reached skill level 8 in Throwing
  7109 | D:6      | Reached ** piety under Okawaru
  7110 | D:6      | Reached XP level 9. HP: 81/81 MP: 11/11
  7227 | D:6      | Found a glowing silver altar of Zin.
  7227 | D:6      | Found a burning altar of Makhleb.
  7228 | D:6      | Noticed an Executioner
  7228 | D:6      | Noticed an angel
  7301 | D:6      | Reached skill level 9 in Throwing
  7873 | D:7      | Reached skill level 10 in Throwing
  8025 | D:7      | Reached *** piety under Okawaru
  8188 | D:7      | Found a sacrificial altar of Ru.
  8189 | D:7      | Found a shattered altar of Ashenzari.
  8404 | D:8      | Noticed a komodo dragon
  8405 | D:8      | Found a staircase to the Lair.
  8459 | D:8      | Killed a komodo dragon
  8481 | D:8      | Killed a komodo dragon
  8720 | D:8      | Reached XP level 10. HP: 90/90 MP: 12/12
  8781 | D:8      | Noticed Harold
  8801 | D:8      | Killed Harold
  8801 | D:8      | Reached **** piety under Okawaru
 10528 | D:9      | Noticed Grum
 10541 | D:9      | Killed Grum
 10541 | D:9      | Reached skill level 5 in Dodging
 10595 | D:9      | Reached skill level 11 in Throwing
 11035 | D:9      | Reached skill level 10 in Fighting
 11059 | D:9      | Found a staircase to the Orcish Mines.
 11642 | D:10     | Entered Level 10 of the Dungeon
 11765 | D:10     | Paralysed by a hornet for 3 turns
 11769 | D:10     | Received a gift from Okawaru
 12741 | D:10     | Reached XP level 11. HP: 35/101 MP: 13/13
 12755 | D:10     | Reached ***** piety under Okawaru
 13161 | D:10     | Received a gift from Okawaru
 13623 | D:11     | Noticed a wolf spider
 13623 | D:11     | Noticed a two-headed ogre
 13630 | D:11     | Noticed a frost giant
 13683 | D:11     | You fall into a shaft and drop 2 floors!
 13683 | D:13     | Found a roughly hewn altar of Beogh.
 14133 | D:13     | Received a gift from Okawaru
 14500 | D:13     | Noticed a two-headed ogre
 14510 | D:13     | HP: 4/101 [two-headed ogre/+0 giant spiked club (15)]
 14525 | D:13     | HP: 5/101 [orc (3)]
 14895 | D:13     | Noticed a vault guard
 14924 | D:13     | Killed a vault guard
 14928 | D:13     | Received a gift from Okawaru
 14935 | D:13     | Killed a two-headed ogre
 14941 | D:13     | Got a crude hat {god gift}
 14952 | D:13     | Identified the +4 hat "Zutaddoq" {Int+2} (Okawaru gifted it
                  | to you on level 13 of the Dungeon)
 15562 | D:12     | Reached skill level 12 in Throwing
 15564 | D:12     | Mangled by a yak

Illustrated notes

Levels and vault maps discovered:
D:1:      heliophobic_arrival_glass_houses, layout_loops_ring,
          nemelex_xobeh_ov_fountains_minmay
D:2:      layout_loops_corners, lemuel_blue_sif_altar, first_ration,
          serial_bayou, serial_bayou_shore_a, serial_bayou_pond_a,
          serial_bayou_pond_a, serial_bayou_lagoon_a, bh_walls_and_bars
D:3:      layout_loops_corners, gammafunk_temple_overflow_elements,
          minmay_misc_feat_encased, uniq_jessica, uniq_ijyb
D:4:      layout_basic, overflow_temple_1_default, minmay_temple_entry_ruins,
          skrybe_limestone_x, nicolae_ru_great_annihilating_truth,
          uniq_crazy_yiuf_cottage, uniq_duvessa
D:5:      layout_rooms, uniq_pikel
D:6:      layout_rooms, grunt_temple_overflow_order_and_chaos_2
D:7:      layout_loops_ring, grunt_temple_overflow_open
D:8:      layout_loops_ring, david_lair_shrubbed, hangedman_pestilent_swarm,
          nicolae_benzene_ring, uniq_harold
D:9:      layout_loops_ring, david_orc_1_choice, uniq_grum
D:10:     layout_cross, serial_gnoll_camp, gnoll_camp_mini_hut,
          gnoll_camp_mini_hut, gnoll_camp_huts_basic, gnoll_camp_mini_house
D:11:     layout_basic, serial_shops, shop, minmay_st_funbox,
          chequers_serial_rivers_micro_c
D:12:     kennysheep_kobold_lugonu_temple, layout_cave_pools, serial_shops,
          shop, uniq_nergalle
D:13:     layout_roguey, ximxim_vaults_locker_room, special_room
          [special_room_orc], minmay_misc_feat_secret_circle
Temple:   nicolae_temple_great_sept

Skill      XL: |  1  2  3  4  5  6  7  8  9 10 11 |
---------------+----------------------------------+-----
Fighting       | 2 3 4 5 7 8 10 11 | 11.4
Throwing       | 1 5 8 10 11 12 | 12.0
Dodging        | 3 6 7 |  7.3
Short Blades   | |  1.0
Stealth        | |  0.8
Evocations     | |  3.0

Action                   |  1- 3 |  4- 6 |  7- 9 | 10-12 || total
-------------------------+-------+-------+-------+-------++-------
Melee: Short sword       |   135 |   138 |       |       ||   273
       Tailslap          |    11 |    18 |    31 |    67 ||   127
       Quarterstaff      |       |    53 |   290 |   417 ||   760
       Unarmed           |       |       |       |     1 ||     1
Throw: Dart              |     5 |    11 |    23 |    48 ||    87
       Javelin           |       |     1 |     4 |    16 ||    21
 Abil: Breathe Frost     |       |       |     1 |     3 ||     4
Evoke: Wand              |       |       |       |     3 ||     3
  Use: Scroll            |     1 |     1 |     1 |     5 ||     8
       Potion            |       |     2 |       |     1 ||     3
 Stab: Sleeping          |     4 |     1 |     1 |     1 ||     7
       Paralysed         |       |     1 |       |     8 ||     9
       Invisible         |       |     1 |       |       ||     1
       Confused          |       |     1 |       |     1 ||     2
  Eat: Chunk             |     2 |    10 |    14 |    14 ||    40
       Ration            |       |       |       |     3 ||     3
Armor: Skin              |    50 |    84 |   145 |   133 ||   412
Dodge: Dodged            |   112 |   142 |   216 |   296 ||   766
Block: Other             |       |       |    14 |   123 ||   137
       Reflection        |       |       |     2 |     4 ||     6
